 Dungeon Crawl Stone Soup version 0.31-a0-233-g139696dc86 (webtiles) character file.

Game seed: 14637510470859560575

130 qw the Shooter (level 5, 0/30 HPs)
             Began as a Gargoyle Hexslinger on July 8, 2023.
             Was an Initiate of Okawaru.
             Slain by Grinder (1 damage)
             ... on level 3 of the Dungeon.
             The game lasted 00:01:08 (1863 turns).

qw the Shooter (Gargoyle Hexslinger)                Turns: 1863, Time: 00:01:08

Health: 0/30       AC: 13    Str: 11    XL:     5   Next: 13%
Magic:  6/6        EV: 10    Int: 14    God:    Okawaru [......]
Gold:   173        SH:  0    Dex: 14    Spells: 5/6 levels left

rFire   + . .        Y - +1 sling
rCold   . . .        (no shield)
rNeg    + . .        b - +0 ring mail
rPois   inf          (no helmet)
rElec   +            (no cloak)
rCorr   .            (no gloves)
SInv    .            (no boots)
Will    .....        (no amulet)
Stlth   +            i - +4 ring of protection
HPRegen 0.25/turn    j - ring of protection from fire
MPRegen 0.10/turn

%: no passive effects
@: no status effects
A: sickness immunity, AC +4, negative energy resistance 1, electricity
resistance, torment resistance 1, petrification resistance
a: Renounce Religion


You were on level 3 of the Dungeon.
You worshipped Okawaru.
Okawaru was noncommittal.
You visited 1 branch of the dungeon, and saw 3 of its levels.

You collected 173 gold pieces.


Innate Abilities, Weirdness & Mutations

You are immune to sickness and miasma.
Your stone body is resilient. (AC +4)
You are immune to poison.
You resist negative energy. (rN+)
You are resistant to electric shocks. (rElec)
You are resistant to unholy torment.
You are immune to petrification.


   Skills:
 - Level 2.0 Fighting
 + Level 4.7 Ranged Weapons
 - Level 1.0 Armour
 - Level 1.5 Dodging
 - Level 1.0 Spellcasting
 - Level 2.6 Hexes


You had 5 spell levels left.
You knew the following spells:

 Your Spells              Type           Power      Damage    Failure   Level
a - Slow                  Hex            32%        N/A       21%         1

Your spell library contained the following spells:

 Spells                   Type           Power      Damage    Failure   Level
 Inner Flame              Hex/Fire       4%         N/A       71%         3
 Portal Projectile        Hex/Tloc       8%         N/A       71%         3
 Cause Fear               Hex            4%         N/A       90%         4

Inventory:

Hand Weapons
 Y - a +1 sling (weapon)
Armour
 b - a +0 ring mail (worn)
Jewellery
 i - a +4 ring of protection (left hand)
 j - a ring of protection from fire (right hand)
Scrolls
 k - a scroll of identify
Potions
 c - a potion of berserk rage {unknown}
 d - a potion of curing {unknown}
 e - a potion of lignification {unknown}
 f - a potion of mutation {unknown}
 g - a potion of enlightenment {unknown}

Dungeon Overview and Level Annotations

Branches:
Dungeon (3/15)

Altars:
Okawaru

Annotations:
D:3 Grinder


Message History

You suddenly lose the ability to move!
Grinder gestures at you. Pain shoots through your body! Grinder hits you.
You writhe in agony.
Grinder hits you but does no damage. Grinder hits you but does no damage.
You can move again.
You shoot a sling bullet. The sling bullet hits Grinder!
Grinder is moderately wounded.
Grinder gestures at you.
You shrug off the repeated paralysis!
You shoot a sling bullet.
The sling bullet hits Grinder but does no damage.
Grinder is moderately wounded.
Grinder zaps a wand.
The puff of flame hits you. You resist.
You shoot a sling bullet.
The sling bullet closely misses Grinder.
Grinder hits you but does no damage.
You shoot a sling bullet.
The sling bullet closely misses Grinder.
Grinder hits you.
You writhe in agony.
Grinder hits you but does no damage.
You shoot a sling bullet. The sling bullet hits Grinder.
Grinder is heavily wounded.
Grinder gestures at you.
You barely resist. You shoot a sling bullet.
The sling bullet closely misses Grinder.
Grinder hits you but does no damage.
You shoot a sling bullet. The sling bullet hits Grinder.
Grinder is heavily wounded.
Grinder hits you! Grinder barely misses you.
You shoot a sling bullet. The sling bullet hits Grinder.
Grinder is heavily wounded.
Grinder says, "Just stop there for a second..."
Grinder hits you but does no damage.
You shoot a sling bullet.
The sling bullet hits Grinder but does no damage.
Grinder is heavily wounded.
Grinder hits you.
You writhe in agony.
You die...

#.# #.#+## #..(......# ####.##
#....###.###.###.# ......###
##........# #.###.## .###..#.##
##.......#.# #......#
.###.....####..........###...#..#
............'...................#
........<####.........####...##.#
.######..# ##.......## ##.###.#
##.# ##.@5..## ####..# #.#
##...## #.## #.# ##+#... #.# #.#
#.#.####.# #.# #.# #.#.# #.# #.#
#####.#.## #.# #.# #........# #.#
#.# #.>....# #.# #.# #.....# #.#
#.#


You could see Grinder.

Vanquished Creatures
  An orc priest (D:3)
  2 adders (D:2)
  A worm (D:2)
  3 dart slugs
  5 orcs (D:3)
  10 ball pythons
  7 endoplasms
  2 giant cockroaches (D:1)
  4 goblins (D:2)
  5 hobgoblins
  A jackal (D:2)
  4 quokkas
  10 bats
  4 frilled lizards
  2 kobolds
  9 rats
70 creatures vanquished.

Notes
Turn   | Place    | Note
-------+----------+-------------------------------------------
     0 | D:1      | qw the Gargoyle Hexslinger began the quest for the Orb.
     0 | D:1      | Reached XP level 1. HP: 12/12 MP: 2/2
     0 | D:1      | 0 ||| qw: Version: 0.3-a-46-gb1f654a
     0 | D:1      | 0 ||| qw: Game counter: 3714
     0 | D:1      | 0 ||| qw: Melee chars always use a shield: true
     0 | D:1      | 0 ||| qw: God list: Okawaru
     0 | D:1      | 0 ||| qw: Allow faded altars: false
     0 | D:1      | 0 ||| qw: Do Orc after clearing Dungeon:15 true
     0 | D:1      | 0 ||| qw: Do second Lair branch before Depths: true
     0 | D:1      | 0 ||| qw: Lair rune preference: random
     0 | D:1      | 0 ||| qw: Goals: Normal
     0 | D:1      | 0 ||| PLANNING D:1-11
    85 | D:1      | Reached XP level 2. HP: 16/16 MP: 3/3
   146 | D:1      | Reached skill level 3 in Ranged Weapons
   250 | D:1      | Reached XP level 3. HP: 21/21 MP: 4/4
   741 | D:1      | 741 ||| UPGRADING to +0 leather armour.
   751 | D:1      | 751 ||| DROPPING +0 robe.
   752 | D:1      | 752 ||| DROPPING amulet of magic regeneration.
   753 | D:1      | 753 ||| UPGRADING to +4 ring of protection.
   754 | D:1      | 754 ||| READING 2 scrolls labelled GIUHOT QOKKUPN.
   755 | D:1      | 755 ||| READING scroll labelled HISAPPO NEIMYRGH.
   756 | D:1      | 756 ||| DROPPING scroll of revelation.
   757 | D:1      | 757 ||| DROPPING scroll of poison.
   897 | D:2      | 897 ||| FLEEEEING.
   898 | D:2      | 898 ||| FLEEEEING.
   899 | D:2      | 899 ||| FLEEEEING.
   903 | D:2      | 903 ||| FLEEEEING.
   904 | D:2      | 904 ||| FLEEEEING.
   905 | D:2      | 905 ||| FLEEEEING.
   906 | D:2      | 906 ||| FLEEEEING.
   907 | D:2      | 907 ||| FLEEEEING.
   908 | D:2      | 908 ||| FLEEEEING.
   909 | D:2      | 909 ||| FLEEEEING.
   910 | D:2      | 910 ||| FLEEEEING.
   911 | D:2      | 911 ||| FLEEEEING.
   912 | D:2      | 912 ||| FLEEEEING.
   915 | D:2      | 915 ||| FLEEEEING.
   916 | D:2      | 916 ||| FLEEEEING.
   917 | D:2      | 917 ||| FLEEEEING.
   918 | D:2      | 918 ||| FLEEEEING.
   919 | D:2      | 919 ||| FLEEEEING.
   920 | D:2      | 920 ||| FLEEEEING.
   921 | D:2      | 921 ||| FLEEEEING.
   923 | D:2      | 923 ||| FLEEEEING.
   924 | D:2      | 924 ||| FLEEEEING.
   925 | D:2      | 925 ||| FLEEEEING.
   927 | D:2      | 927 ||| FLEEEEING.
   928 | D:2      | 928 ||| FLEEEEING.
  1125 | D:2      | Found an iron altar of Okawaru.
  1126 | D:2      | 1126 ||| PLANNING OKAWARU WORSHIP
  1126 | D:2      | 1126 ||| UPGRADING to +0 ring mail.
  1136 | D:2      | 1136 ||| DROPPING +0 leather armour.
  1137 | D:2      | 1137 ||| READING scroll labelled WIEXKE WIUCH.
  1143 | D:2      | Became a worshipper of Warmaster Okawaru
  1144 | D:2      | 1144 ||| PLANNING D:1-11
  1218 | D:2      | Reached XP level 4. HP: 22/26 MP: 5/5
  1246 | D:2      | Reached skill level 4 in Ranged Weapons
  1460 | D:2      | Reached skill level 1 in Armour
  1548 | D:2      | 1548 ||| UPGRADING to ring of protection from fire.
  1549 | D:2      | 1549 ||| READING scroll labelled POANAE EDYFRI.
  1552 | D:2      | 1552 ||| READING 2 scrolls labelled ASHRUQ MUUVOUHE.
  1553 | D:2      | 1553 ||| DROPPING scroll of noise.
  1721 | D:3      | Reached XP level 5. HP: 30/30 MP: 6/6
  1842 | D:3      | Noticed Grinder
  1843 | D:3      | Paralysed by Grinder for 5 turns
  1850 | D:3      | Paralysed by Grinder for 5 turns
  1858 | D:3      | HP: 7/30 [Grinder (1)]
  1861 | D:3      | HP: 1/30 [Grinder (7)]
  1863 | D:3      | Slain by Grinder

Levels and vault maps discovered:
D:1:      evilmike_arrival_plus, layout_basic, minmay_nonomino_d4
D:2:      minmay_razor_zed, layout_basic, basic_altar
D:3:      layout_loops_corners, ebering_ecumenical_altar_webs,
          minmay_checkerbox, uniq_grinder, uniq_robin, uniq_pargi

Skill      XL: |  1  2  3  4 |
---------------+-------------+-----
Ranged Weapons | 3 4 |  4.7
Fighting       | 2 |  2.0
Armour         | 1 |  1.0
Dodging        | |  1.5
Spellcasting   | |  1.0
Hexes          | |  2.6

Action                     |  1- 3 |  4- 6 || total
---------------------------+-------+-------++-------
   Fire: Sling             |   173 |   101 ||   274
    Use: Scroll            |     3 |     2 ||     5
 Armour: Robe              |    22 |       ||    22
         Leather armour    |     7 |       ||     7
         Ring mail         |     1 |    67 ||    68
  Dodge: Dodged            |    57 |    45 ||   102

Table legend:
 A = Non-vault XP
 B = Vault XP
 C = Vault XP percentage of total XP
 D = Non-vault monster count
 E = Vault monster count
 F = Vault count percentage of total count
                 A         B        C        D         E       F
            +---------+---------+-------+---------+---------+-------
      Total |     140 |      46 |  24.7 |      54 |      16 |  22.9
            +---------+---------+-------+---------+---------+-------
        D:1 |      45 |       5 |  10.0 |      28 |       5 |  15.2
        D:2 |      34 |      41 |  54.7 |      17 |      11 |  39.3
        D:3 |      61 |       0 |   0.0 |       9 |       0 |   0.0
            +---------+---------+-------+---------+---------+-------
